 Dungeon Crawl Stone Soup version 0.21-a0-140-g479285b (webtiles) character file.

137 GordonOverkill the Chopper (level 5, 0/42 HPs)
             Began as a Gnoll Fighter on July 21, 2017.
             Slain by a bullfrog (5 damage)
             ... on level 3 of the Dungeon.
             The game lasted 00:05:12 (3168 turns).

GordonOverkill the Chopper (Gnoll Fighter)          Turns: 3168, Time: 00:05:13

Health: 0/42       AC:  7    Str:  7    XL:     5   Next: 20%
Magic:  5/5        EV:  7    Int:  7    God:
Gold:   149        SH:  0    Dex:  7    Spells: 4/4 levels left

rFire    . . .     SeeInvis .   a - +0 war axe
rCold    . . .     Gourm    .   (no shield)
rNeg     . . .     Faith    .   b - +0 scale mail
rPois    .         Spirit   .   (no helmet)
rElec    .         Reflect  .   p - scarf {repulsion}
rCorr    .         Harm     .   (no gloves)
MR       .....                  (no boots)
Stlth    ..........             (no amulet)
HPRegen  0.14/turn              (no ring)
MPRegen  0.09/turn              (no ring)

@: mighty, repel missiles
A: unchanging attributes, fangs 1, strong nose
a: no special abilities


You were on level 3 of the Dungeon.
You were hungry.

You visited 1 branch of the dungeon, and saw 3 of its levels.

You collected 149 gold pieces.

Inventory:

Hand Weapons
 a - a +0 war axe (weapon)
Armour
 b - a +0 scale mail (worn)
 c - a +0 shield
 p - a scarf of repulsion (worn)
Scrolls
 j - a scroll of immolation {unknown}
 l - 5 scrolls of remove curse {unknown}
 m - 2 scrolls of enchant weapon {unknown}
 n - a scroll of fog {unknown}
 q - a scroll of magic mapping {unknown}
 v - a scroll of teleportation {unknown}
Potions
 e - 4 potions of heal wounds {unknown}
 k - a potion of ambrosia {unknown}
 o - a potion of magic {unknown}
 r - a potion of berserk rage {unknown}
 s - a potion of invisibility {unknown}
 t - a potion of haste
 u - a potion of lignification {unknown}
 w - a potion of mutation {unknown}
 x - a potion of curing {unknown}
Comestibles
 f - 2 bread rations
 g - 2 fruits
 h - a meat ration
 i - a royal jelly


   Skills:
 - Level 4.0 Fighting
 * Level 6.0 Axes
 - Level 4.0 Armour
 - Level 5.2 Shields


You had 4 spell levels left.
You didn't know any spells.

Dungeon Overview and Level Annotations

Branches:
Dungeon (3/15)

Altars:


Innate Abilities, Weirdness & Mutations

Your physical attributes are unchanging.
You have very sharp teeth.
Your uncanny sense of smell can sniff out nearby items.


Message History

The bullfrog barely misses you. The bullfrog barely misses you.
You feel very mighty all of a sudden. The bullfrog hits you.
* * * LOW HITPOINT WARNING * * *
The bullfrog hits you.
* * * LOW HITPOINT WARNING * * *
You slash the bullfrog!
The bullfrog is severely wounded.
The bullfrog hits you.
* * * LOW HITPOINT WARNING * * *
The bullfrog barely misses you.
You barely miss the bullfrog.
The bullfrog is severely wounded.
The bullfrog hits you but does no damage.
The giant cockroach waves its antennae.
You barely miss the bullfrog.
The bullfrog is severely wounded.
The bullfrog hits you.
You die...

###..# #..######
#.......###
##.####...## ##
#..#####..#
..####..###...# .
#...........### #.
###.######..##
#..###.....@Fhs.##
.........#####r..#
......##....##...#
#.....>r.hh.##
###.......s.#
#.........#
###########


You could see a bullfrog, a jackal, a giant cockroach and a rat.

Vanquished Creatures
  A jelly (D:3)
  Terence (D:2)
  An adder (D:3)
  An ooze (D:1)
  3 worms
  A dart slug (D:1)
  A leopard gecko (D:1)
  5 orcs (D:3)
  3 giant cockroaches
  7 goblins
  6 hobgoblins
  A ball python (D:2)
  7 bats
  3 frilled lizards
  7 kobolds
  7 rats
55 creatures vanquished.

Notes
Turn   | Place    | Note
-------+----------+-------------------------------------------
     0 | D:1      | GordonOverkill the Gnoll Fighter began the quest for the Orb.
     0 | D:1      | Reached XP level 1. HP: 19/19 MP: 1/1
    33 | D:1      | Reached skill level 3 in Axes
   158 | D:1      | Reached XP level 2. HP: 18/25 MP: 2/2
   734 | D:1      | Reached XP level 3. HP: 23/30 MP: 3/3
  1089 | D:1      | Reached skill level 5 in Shields
  1368 | D:1      | Reached skill level 4 in Axes
  2212 | D:2      | Noticed Terence
  2216 | D:2      | Killed Terence
  2216 | D:2      | Reached XP level 4. HP: 36/37 MP: 4/4
  2533 | D:2      | Reached skill level 5 in Axes
  2749 | D:3      | Reached XP level 5. HP: 35/42 MP: 5/5
  3088 | D:3      | Reached skill level 6 in Axes
  3168 | D:3      | Slain by a bullfrog

Vault maps used:
D:1:      dpeg_arrival_orchard, st_stairs_5, minmay_misc_feat_roman,
          minmay_small_reverse_x
D:2:      minmay_cupped, uniq_terence
D:3:      first_bread, minmay_misc_feat_square

Skill      XL: |  1  2  3  4  5 |
---------------+----------------+-----
Axes           | 3 4 5 6 |  6.0
Shields        | 5 |  5.2
Fighting       | |  4.0
Armour         | |  4.0

Action                   |  1- 3 |  4- 6 || total
-------------------------+-------+-------++-------
Melee: War axe           |   184 |    77 ||   261
       Bite              |     7 |     3 ||    10
  Use: Potion            |       |     1 ||     1
  Eat: Chunk             |     4 |     3 ||     7
Armor: Scale mail        |   136 |    38 ||   174
Dodge: Dodged            |    55 |    28 ||    83
Block: Shield            |   111 |       ||   111
